General information
- name: BNet
- type: Ladder team game (AT/RT)
- host: Battle.net
- saver: TossItUp
map: MarketSquare
- players: 8
- length: 76:45
- speed: Fast
- version: 1.27 W3XP
- replay type: Public
» download(333 KB)
Players
team 1 (loser)
lym6421X (
red | 106 APM | 3678 actions | 34:38)
7 Goblin Tinker
3 Pocket Factory
3 Engineering Upgrade
1 Robo-Goblin
4 Pandaren Brewmaster
2 Breath of Fire
2 Drunken Haze
6 Priestess of the Moon
2 Scout
3 Trueshot Aura
1 Starfall
3 Death Knight
1 Unholy Aura
1 Death Coil
1 Animate Dead
» actions
| Assign group hotkey | 50 | |
| Basic commands | 175 | |
| Build / train | 188 | |
| ESC pressed | 3 | |
| Enter build submenu | 32 | |
| Enter hero's abilities submenu | 20 | |
| Give item / drop item | 4 | |
| Right click | 1375 | |
| Select / deselect | 719 | |
| Select group hotkey | 964 | |
| Use ability | 148 | |
3678 total
» units
| Wisp | 35 | |
| Huntress | 13 | |
| Dryad | 30 | |
| Crypt Fiend | 22 | |
| Mountain Giant | 2 | |
| Chimaera | 20 | |
122 total
» upgrades
| Sentinel | 1 | |
| Abolish Magic | 1 | |
| Strength of the Wild | 5 | |
| Reinforced Hides | 2 | |
| Hardened Skin | 1 | |
| Resistant Skin | 1 | |
| Well Spring | 2 | |
| Corrosive Breath | 1 | |
14 total
» buildings
| Moon Well | 16 | |
| Altar of Elders | 2 | |
| Hunter's Hall | 2 | |
| Ancient of War | 1 | |
| Ancient of Wonders | 1 | |
| Tree of Ages | 2 | |
| Ancient of Lore | 2 | |
| Tree of Eternity | 2 | |
| Ancient of Wind | 1 | |
| Chimaera Roost | 3 | |
| Ziggurat | 5 | |
| Necropolis | 1 | |
| Spirit Tower | 2 | |
| Tree of Life | 1 | |
41 total
» build order
00:20 Moon Well
01:14 Altar of Elders
01:41 Hunter's Hall
01:44 Ancient of War
01:58 Moon Well
02:13 Ancient of Wonders
02:36 Moon Well
03:20 Tree of Ages
04:11 Moon Well
06:30 Ancient of Lore
06:31 Ancient of Lore
08:24 Moon Well
08:26 Moon Well
10:50 Altar of Elders
10:52 Tree of Ages
10:55 Hunter's Hall
11:11 Moon Well
11:12 Moon Well
11:13 Moon Well
11:14 Moon Well
11:32 Moon Well
11:33 Moon Well
11:35 Moon Well
11:36 Moon Well
11:37 Moon Well
11:37 Moon Well
13:39 Tree of Eternity
13:41 Ancient of Wind
14:46 Tree of Eternity
16:31 Chimaera Roost
16:31 Chimaera Roost
16:33 Chimaera Roost
20:10 Ziggurat
20:12 Ziggurat
23:40 Ziggurat
23:43 Ziggurat
23:45 Ziggurat
23:47 Necropolis
25:40 Spirit Tower
26:41 Tree of Life
» items
| Boots of Speed | 3 | |
| Lesser Clarity Potion | 3 | |
| Potion of Healing | 2 | |
8 total
lIlIlIlIlIIlIlI (
purple | 65 APM | 4986 actions | 76:42)
10 Blademaster
3 Wind Walk
3 Critical Strike
1 Bladestorm
3 Mirror Image
» actions
| Assign group hotkey | 126 | |
| Basic commands | 55 | |
| Build / train | 163 | |
| ESC pressed | 12 | |
| Enter build submenu | 84 | |
| Enter hero's abilities submenu | 10 | |
| Give item / drop item | 4 | |
| Right click | 2477 | |
| Select / deselect | 513 | |
| Select group hotkey | 1117 | |
| Use ability | 425 | |
4986 total
» units
| Peon | 49 | |
| Grunt | 13 | |
| Wind Rider | 12 | |
| Troll Batrider | 4 | |
78 total
» upgrades
| Melee Weapons | 2 | |
| Pillage | 1 | |
| Berserker Strength | 1 | |
| Reinforced Defenses | 1 | |
| Spiked Barricades | 1 | |
| Ranged Weapons | 3 | |
| Armor | 3 | |
| Envenomed Spears | 1 | |
| Liquid Fire | 1 | |
| Ensnare | 1 | |
15 total
» buildings
| Orc Burrow | 11 | |
| Altar of Storms | 1 | |
| Barracks | 1 | |
| Voodoo Lounge | 1 | |
| War Mill | 4 | |
| Stronghold | 6 | |
| Great Hall | 5 | |
| Watch Tower | 38 | |
| Fortress | 4 | |
| Beastiary | 3 | |
| Nerubian Tower | 3 | |
| Spirit Tower | 3 | |
80 total
» build order
00:17 Orc Burrow
01:09 Altar of Storms
01:11 Barracks
01:20 Orc Burrow
01:37 Voodoo Lounge
02:00 War Mill
02:29 Orc Burrow
03:51 Stronghold
03:52 Stronghold
05:51 Great Hall
05:59 Watch Tower
06:04 Watch Tower
06:08 Watch Tower
06:43 Watch Tower
07:53 Fortress
07:53 Fortress
07:53 Fortress
08:16 Watch Tower
09:05 Watch Tower
09:40 Watch Tower
10:17 Watch Tower
10:23 Watch Tower
10:25 Watch Tower
10:59 Watch Tower
12:58 Watch Tower
12:59 Watch Tower
13:02 Watch Tower
13:06 Watch Tower
13:32 Watch Tower
13:33 Watch Tower
13:34 Watch Tower
14:32 Beastiary
14:43 Nerubian Tower
14:44 Spirit Tower
14:44 Spirit Tower
14:46 Nerubian Tower
16:03 Beastiary
16:05 Beastiary
17:02 Watch Tower
17:03 Watch Tower
17:04 Watch Tower
17:06 Watch Tower
17:07 Watch Tower
17:12 Watch Tower
17:13 Watch Tower
17:20 Watch Tower
17:21 Watch Tower
17:55 Watch Tower
19:18 Orc Burrow
19:19 Orc Burrow
19:24 Orc Burrow
19:26 Orc Burrow
19:30 Watch Tower
19:32 Watch Tower
20:54 Watch Tower
29:09 Great Hall
35:45 Great Hall
36:02 Great Hall
37:11 Great Hall
40:37 War Mill
40:42 Orc Burrow
40:48 Orc Burrow
41:52 Orc Burrow
41:54 Orc Burrow
42:00 Watch Tower
42:03 Watch Tower
42:06 Watch Tower
42:09 Watch Tower
42:14 Watch Tower
42:39 War Mill
42:41 War Mill
42:47 Watch Tower
42:51 Watch Tower
57:03 Stronghold
57:03 Stronghold
57:04 Stronghold
» items
| Healing Salve | 4 | |
| Lesser Clarity Potion | 6 | |
| Scroll of Town Portal | 4 | |
| Boots of Speed | 1 | |
| Orb of Lightning | 1 | |
| Periapt of Vitality | 2 | |
18 total

»
timmyd089 (
green | 24 APM | 339 actions | 14:10)
3 Death Knight
1 Death Pact
2 Death Coil
» actions
| Basic commands | 7 | |
| Build / train | 29 | |
| Enter build submenu | 13 | |
| Enter hero's abilities submenu | 3 | |
| Right click | 133 | |
| Select / deselect | 129 | |
| Use ability | 25 | |
339 total
» units
| Acolyte | 4 | |
| Ghoul | 2 | |
| Crypt Fiend | 11 | |
17 total
» upgrades
» buildings
| Graveyard | 1 | |
| Altar of Darkness | 1 | |
| Ziggurat | 5 | |
| Crypt | 2 | |
| Tomb of Relics | 1 | |
| Spirit Tower | 2 | |
| Halls of the Dead | 1 | |
| Black Citadel | 1 | |
| Sacrificial Pit | 1 | |
15 total
» build order
00:20 Graveyard
00:24 Altar of Darkness
00:30 Ziggurat
01:16 Crypt
01:28 Crypt
01:52 Tomb of Relics
02:13 Ziggurat
03:54 Spirit Tower
05:08 Ziggurat
06:03 Halls of the Dead
06:25 Spirit Tower
06:35 Ziggurat
10:15 Black Citadel
11:47 Ziggurat
13:49 Sacrificial Pit
» items
team 2 (winner)
Hiyo (
teal | 28 APM | 2136 actions | 76:42)
5 Archmage
3 Summon Water Elemental
2 Brilliance Aura
1 Mountain King
1 Storm Bolt
3 Paladin
2 Holy Light
1 Divine Shield
» actions
| Assign group hotkey | 58 | |
| Basic commands | 83 | |
| Build / train | 126 | |
| ESC pressed | 1 | |
| Enter build submenu | 30 | |
| Enter hero's abilities submenu | 9 | |
| Give item / drop item | 6 | |
| Remove unit from queue | 2 | |
| Right click | 755 | |
| Select / deselect | 607 | |
| Select group hotkey | 313 | |
| Use ability | 143 | |
2136 total
» units
| Peasant | 23 | |
| Footman | 2 | |
| Rifleman | 14 | |
| Spell Breaker | 2 | |
| Priest | 2 | |
| Sorceress | 5 | |
48 total
» upgrades
| Masonry | 3 | |
| Gunpowder | 2 | |
| Armor | 2 | |
| Long Rifles | 1 | |
| Lumber Harvesting | 2 | |
| Magic Sentry | 1 | |
| Swords | 1 | |
| Plating | 1 | |
| Priest Training | 2 | |
| Sorceress Training | 1 | |
16 total
» buildings
| Altar of Kings | 2 | |
| Farm | 9 | |
| Barracks | 1 | |
| Blacksmith | 1 | |
| Arcane Vault | 1 | |
| Scout Tower | 9 | |
| Town Hall | 3 | |
| Lumber Mill | 1 | |
| Guard Tower | 7 | |
| Keep | 1 | |
| Arcane Tower | 2 | |
| Castle | 1 | |
| Arcane Sanctum | 2 | |
40 total
» build order
00:18 Altar of Kings
00:20 Farm
00:57 Barracks
01:06 Farm
01:57 Blacksmith
02:07 Arcane Vault
02:13 Scout Tower
02:15 Scout Tower
02:18 Scout Tower
03:14 Farm
03:54 Town Hall
04:03 Scout Tower
04:13 Lumber Mill
04:27 Farm
05:52 Guard Tower
05:55 Scout Tower
06:28 Keep
06:30 Arcane Tower
06:35 Scout Tower
06:37 Scout Tower
06:44 Scout Tower
08:22 Guard Tower
08:22 Guard Tower
11:12 Castle
11:19 Arcane Sanctum
11:22 Arcane Sanctum
14:28 Town Hall
14:35 Guard Tower
20:40 Farm
20:42 Farm
20:45 Farm
20:48 Farm
20:49 Farm
21:17 Scout Tower
21:53 Arcane Tower
21:56 Guard Tower
24:50 Guard Tower
24:52 Guard Tower
26:48 Altar of Kings
29:47 Town Hall
» items
| Scroll of Regeneration | 4 | |
| Scroll of Town Portal | 3 | |
| Potion of Healing | 3 | |
| Ivory Tower | 18 | |
| Orb of Fire | 1 | |
| Staff of Sanctuary | 1 | |
| Potion of Lesser Invulnerability | 1 | |
| Staff of Teleportation | 1 | |
| Potion of Invisibility | 1 | |
33 total
smileyD_Dsmiley (
blue | 98 APM | 4163 actions | 42:31)
8 Archmage
3 Blizzard
2 Summon Water Elemental
2 Brilliance Aura
1 Mass Teleport
» actions
| Assign group hotkey | 141 | |
| Basic commands | 1 | |
| Build / train | 180 | |
| ESC pressed | 4 | |
| Enter build submenu | 38 | |
| Enter hero's abilities submenu | 9 | |
| Remove unit from queue | 1 | |
| Right click | 1382 | |
| Select / deselect | 665 | |
| Select group hotkey | 1580 | |
| Use ability | 162 | |
4163 total
» units
| Peasant | 19 | |
| Footman | 14 | |
| Rifleman | 17 | |
| Mortar Team | 13 | |
| Priest | 9 | |
| Sorceress | 8 | |
| Knight | 8 | |
| Flying Machine | 19 | |
| Siege Engine | 2 | |
109 total
» upgrades
| Masonry | 1 | |
| Defend | 1 | |
| Lumber Harvesting | 1 | |
| Magic Sentry | 1 | |
| Priest Training | 2 | |
| Sorceress Training | 2 | |
| Flare | 1 | |
| Fragmentation Shards | 1 | |
| Swords | 2 | |
| Plating | 1 | |
| Flak Cannons | 1 | |
| Flying Machine Bombs | 1 | |
| Barrage | 1 | |
16 total
» buildings
| Altar of Kings | 1 | |
| Farm | 13 | |
| Barracks | 1 | |
| Lumber Mill | 1 | |
| Scout Tower | 12 | |
| Guard Tower | 12 | |
| Keep | 1 | |
| Arcane Vault | 1 | |
| Blacksmith | 1 | |
| Town Hall | 1 | |
| Workshop | 1 | |
| Arcane Sanctum | 2 | |
| Cannon Tower | 2 | |
| Castle | 1 | |
| Arcane Tower | 1 | |
51 total
» build order
00:12 Altar of Kings
00:13 Farm
00:49 Barracks
01:02 Lumber Mill
01:19 Farm
01:57 Farm
02:00 Scout Tower
02:39 Farm
03:24 Scout Tower
03:25 Scout Tower
03:26 Guard Tower
03:29 Keep
03:33 Arcane Vault
03:53 Guard Tower
04:13 Blacksmith
06:07 Town Hall
06:33 Workshop
06:43 Scout Tower
07:15 Scout Tower
07:18 Guard Tower
08:02 Scout Tower
08:03 Scout Tower
08:04 Scout Tower
08:08 Arcane Sanctum
08:09 Arcane Sanctum
08:55 Farm
09:54 Farm
09:59 Guard Tower
09:59 Guard Tower
11:29 Cannon Tower
11:30 Cannon Tower
12:19 Castle
13:50 Arcane Tower
14:24 Farm
14:25 Farm
15:10 Farm
15:12 Scout Tower
16:15 Scout Tower
16:16 Scout Tower
16:17 Guard Tower
16:18 Guard Tower
16:44 Farm
16:46 Guard Tower
16:46 Guard Tower
16:49 Farm
17:42 Scout Tower
17:45 Farm
18:26 Farm
18:27 Guard Tower
» items
| Scroll of Regeneration | 5 | |
| Scroll of Town Portal | 4 | |
| Potion of Healing | 6 | |
| Potion of Mana | 1 | |
| Lesser Clarity Potion | 1 | |
17 total
TossItUp (
yellow | 33 APM | 2537 actions | 76:45)
10 Blademaster
3 Wind Walk
3 Critical Strike
1 Bladestorm
3 Mirror Image
» actions
| Assign group hotkey | 24 | |
| Basic commands | 207 | |
| Build / train | 96 | |
| Enter build submenu | 95 | |
| Enter hero's abilities submenu | 10 | |
| Give item / drop item | 16 | |
| Right click | 1155 | |
| Select / deselect | 495 | |
| Select group hotkey | 203 | |
| Use ability | 236 | |
2537 total
» units
| Peon | 49 | |
| Grunt | 4 | |
| Wind Rider | 7 | |
| Troll Batrider | 2 | |
62 total
» upgrades
| Reinforced Defenses | 1 | |
| Ranged Weapons | 3 | |
| Armor | 3 | |
| Troll Regeneration | 1 | |
| Envenomed Spears | 1 | |
| Liquid Fire | 1 | |
| Ensnare | 1 | |
| Spiked Barricades | 3 | |
| Burning Oil | 1 | |
| Berserker Upgrade | 1 | |
| Berserker Strength | 1 | |
| War Drums Damage Increase | 1 | |
18 total
» buildings
| Orc Burrow | 6 | |
| Altar of Storms | 1 | |
| Barracks | 1 | |
| Voodoo Lounge | 3 | |
| Stronghold | 1 | |
| War Mill | 8 | |
| Great Hall | 7 | |
| Watch Tower | 65 | |
| Fortress | 1 | |
| Beastiary | 4 | |
97 total
» build order
00:18 Orc Burrow
00:52 Orc Burrow
01:12 Altar of Storms
01:13 Barracks
02:06 Voodoo Lounge
02:53 Stronghold
03:57 War Mill
04:10 Orc Burrow
05:09 Great Hall
05:21 Watch Tower
05:21 Watch Tower
08:36 Fortress
08:40 Watch Tower
08:40 Watch Tower
08:41 Watch Tower
08:41 Watch Tower
08:42 Watch Tower
12:08 War Mill
12:17 Watch Tower
12:18 Watch Tower
12:19 Watch Tower
12:20 Watch Tower
13:46 Watch Tower
13:47 Watch Tower
13:48 Watch Tower
13:49 Watch Tower
13:51 Watch Tower
16:29 Beastiary
16:30 Beastiary
16:32 Beastiary
16:32 Beastiary
19:22 Orc Burrow
19:24 Orc Burrow
19:25 Orc Burrow
20:09 Watch Tower
20:10 Watch Tower
20:14 Watch Tower
20:15 Watch Tower
20:17 Watch Tower
20:18 Watch Tower
20:22 Watch Tower
20:23 Watch Tower
23:46 Watch Tower
23:47 Watch Tower
23:49 Watch Tower
23:49 Watch Tower
24:58 Watch Tower
24:58 Watch Tower
25:01 Watch Tower
25:02 Watch Tower
25:14 Watch Tower
25:14 Watch Tower
25:16 Watch Tower
25:23 Watch Tower
25:24 Watch Tower
33:13 Great Hall
33:17 Watch Tower
33:18 Watch Tower
33:19 Watch Tower
33:19 Watch Tower
33:23 Watch Tower
33:23 Watch Tower
33:24 Watch Tower
33:25 Watch Tower
33:28 Watch Tower
33:29 Watch Tower
33:29 Watch Tower
33:30 Watch Tower
33:32 Voodoo Lounge
35:32 Great Hall
35:34 Watch Tower
35:35 Watch Tower
35:36 Watch Tower
35:37 Watch Tower
35:41 Watch Tower
35:42 Watch Tower
35:43 Watch Tower
35:44 Watch Tower
35:48 Voodoo Lounge
36:53 Watch Tower
36:54 Watch Tower
36:57 Watch Tower
37:02 Watch Tower
37:06 Watch Tower
37:10 Watch Tower
37:15 Watch Tower
40:51 Great Hall
41:44 Great Hall
42:32 Great Hall
42:41 Great Hall
58:25 War Mill
58:39 War Mill
58:41 War Mill
59:50 War Mill
61:15 War Mill
61:19 War Mill
» items
| Healing Salve | 1 | |
| Orb of Lightning | 1 | |
| Scroll of Town Portal | 1 | |
3 total

»
ZuesAndThor (
orange | 57 APM | 1627 actions | 28:43)
6 Death Knight
3 Death Coil
2 Unholy Aura
1 Animate Dead
» actions
| Assign group hotkey | 21 | |
| Basic commands | 92 | |
| Build / train | 78 | |
| ESC pressed | 4 | |
| Enter build submenu | 31 | |
| Enter hero's abilities submenu | 6 | |
| Right click | 729 | |
| Select / deselect | 440 | |
| Select group hotkey | 145 | |
| Use ability | 81 | |
1627 total
» units
| Acolyte | 8 | |
| Ghoul | 7 | |
| Crypt Fiend | 10 | |
| Frost Wyrm | 16 | |
| Gargoyle | 6 | |
47 total
» upgrades
| Creature Attack | 3 | |
| Web | 1 | |
| Creature Carapace | 3 | |
| Burrow | 1 | |
| Freezing Breath | 1 | |
9 total
» buildings
| Altar of Darkness | 1 | |
| Ziggurat | 13 | |
| Crypt | 3 | |
| Graveyard | 1 | |
| Tomb of Relics | 1 | |
| Halls of the Dead | 1 | |
| Nerubian Tower | 2 | |
| Black Citadel | 2 | |
| Sacrificial Pit | 1 | |
| Boneyard | 2 | |
| Spirit Tower | 3 | |
30 total
» build order
00:14 Altar of Darkness
00:19 Ziggurat
00:42 Crypt
01:06 Graveyard
01:33 Ziggurat
02:11 Tomb of Relics
02:49 Ziggurat
04:08 Halls of the Dead
05:52 Nerubian Tower
06:43 Black Citadel
08:24 Black Citadel
10:20 Sacrificial Pit
10:24 Ziggurat
10:26 Ziggurat
10:28 Ziggurat
11:31 Boneyard
11:39 Boneyard
11:46 Spirit Tower
11:47 Spirit Tower
11:49 Spirit Tower
13:00 Ziggurat
13:02 Ziggurat
13:04 Ziggurat
16:53 Nerubian Tower
26:40 Crypt
26:52 Crypt
26:56 Ziggurat
26:59 Ziggurat
27:01 Ziggurat
27:04 Ziggurat
» items
| Rod of Necromancy | 1 | |
| Scroll of Town Portal | 2 | |
| Scroll of Healing | 1 | |
| Potion of Lesser Invulnerability | 1 | |
| Staff of Teleportation | 1 | |
| Potion of Invisibility | 1 | |
7 total
Chat log
(00:05 / All) lIlIlIlIlIIlIlI: it's spelled zeus orange
(00:14 / All) lIlIlIlIlIIlIlI: 0-0 still time to make an ew acc
(00:24 / Allies) ZuesAndThor: 0-0?
(00:29 / Allies) ZuesAndThor: ive been playing wc3 for 14 years
(00:46 / All) TossItUp: orange has been playing for 14 years but doesn't know how to all chat
(00:51 / All) lIlIlIlIlIIlIlI: lol
(00:55 / All) lIlIlIlIlIIlIlI: well he can't spell zeus properly
(00:57 / All) lIlIlIlIlIIlIlI: doesn't surprise me LOL
(01:01 / All) ZuesAndThor: want me to just leave?
(01:02 / All) TossItUp: he's speshul
(01:07 / Allies) TossItUp: nah play and own bro
(01:15 / Allies) TossItUp: prove yourself
(01:16 / Allies) ZuesAndThor: i really dpont care
(01:21 / Allies) ZuesAndThor: ill just leave
(01:25 / Allies) ZuesAndThor: i play dota 2
(01:26 / Allies) ZuesAndThor: not this sht
(01:29 / Allies) TossItUp: you taking the bitch route homie
(03:41 / Allies) Hiyo: wtf!
(03:47 / Allies) TossItUp: he's new
(03:47 / Allies) Hiyo: asshole oj
(03:49 / Allies) ZuesAndThor: what?
(03:49 / Allies) TossItUp: he plays dota 2
(03:53 / Allies) TossItUp: cut him some slack
(04:00 / Allies) ZuesAndThor: its a team game
(05:53 / Allies) smileyD_Dsmiley: ty
(05:55 / Allies) smileyD_Dsmiley: mid?
(06:04 / Allies) ZuesAndThor: omw
(06:11 / Allies) TossItUp: wait
(06:12 / Allies) TossItUp: wait
(06:12 / Allies) TossItUp: wait
(06:13 / Allies) TossItUp: wait
(06:13 / Allies) TossItUp: wait
(06:17 / Allies) smileyD_Dsmiley: ik
(06:18 / Allies) TossItUp: don't attack main creep
(06:22 / Allies) smileyD_Dsmiley: duh
(07:00 / All) ih8naggers: shit, it dis boi pup gain
(07:09 / All) ih8naggers: dis naga dreamin bout me ery nite, cant help but sweat mah nuts yo
(08:09 / Allies) Hiyo: blind fuck
(08:29 / Allies) smileyD_Dsmiley: i have defend
(09:47 / Allies) smileyD_Dsmiley: im b
(10:07 / All) lIlIlIlIlIIlIlI: dota noob
(10:08 / Allies) Hiyo: fight bm1!!!
(10:43 / Allies) ZuesAndThor: lumber for gold any1?
(10:51 / Allies) ZuesAndThor: teal
(10:52 / Allies) ZuesAndThor: lumb pls?
(10:55 / Allies) Hiyo: fuck u
(11:00 / Allies) ZuesAndThor: ill give u gold
(11:57 / All) TossItUp: WE WUZ KANGS
(14:50 / Allies) ZuesAndThor: teal
(14:53 / Allies) ZuesAndThor: can u gmme lumber
(15:03 / Allies) smileyD_Dsmiley: omw
(20:05 / Allies) ZuesAndThor: can we atk?
(20:11 / Allies) smileyD_Dsmiley: yes
(20:13 / Allies) smileyD_Dsmiley: loll
(20:13 / Allies) smileyD_Dsmiley: plz
(20:21 / Allies) ZuesAndThor: all green
(20:25 / Allies) smileyD_Dsmiley: yeah meet
(20:30 / Allies) ZuesAndThor: lets go
(20:59 / Allies) smileyD_Dsmiley: go
(21:29 / Allies) smileyD_Dsmiley: kill main
(22:27 / Allies) smileyD_Dsmiley: yellow
(22:28 / Allies) smileyD_Dsmiley: attack
(22:29 / Allies) smileyD_Dsmiley: da fuq
(22:32 / Allies) ZuesAndThor: gg tyellow
(22:42 / Allies) ZuesAndThor: lol ur so bad yellow
(22:45 / Allies) smileyD_Dsmiley: lol wtf
(22:46 / Allies) smileyD_Dsmiley: was that
(24:38 / Allies) smileyD_Dsmiley: yellow
(24:38 / Allies) smileyD_Dsmiley: go
(24:55 / Allies) ZuesAndThor: base race
(25:22 / Allies) smileyD_Dsmiley: killroosts
(25:23 / Allies) smileyD_Dsmiley: then tp to teal
(25:27 / Allies) smileyD_Dsmiley: tela hold on
(25:31 / Allies) Hiyo: im dead
(25:33 / Allies) ZuesAndThor: dont
(25:33 / Allies) Hiyo: just fukcin gkill him
(25:36 / Allies) ZuesAndThor: let teal die
(25:46 / Allies) smileyD_Dsmiley: k
(26:17 / Allies) smileyD_Dsmiley: yellow go
(26:20 / Allies) smileyD_Dsmiley: to red
(27:11 / Allies) Hiyo: defend at yellow or oj expo
(27:12 / Allies) Hiyo: together!!!
(27:13 / Allies) smileyD_Dsmiley: i'll tp into purple
(27:27 / Allies) ZuesAndThor: let it fall
(27:30 / Allies) ZuesAndThor: def at yellows base
(27:32 / Allies) smileyD_Dsmiley: orange go
(27:33 / Allies) smileyD_Dsmiley: i tp
(27:36 / Allies) ZuesAndThor: k
(27:38 / Allies) smileyD_Dsmiley: go to purple
(27:44 / Allies) Hiyo: kill these rads if u can
(28:03 / All) lIlIlIlIlIIlIlI: dota noob
(28:34 / Allies) smileyD_Dsmiley: ffs
(28:41 / All) lIlIlIlIlIIlIlI: dota noob out
(29:23 / Allies) Hiyo: get tinker!
(29:35 / All) Hiyo: gg
(29:40 / All) lIlIlIlIlIIlIlI: gg out you lose
(30:07 / Allies) smileyD_Dsmiley: if we kill them 1st we win
(30:09 / Allies) smileyD_Dsmiley: yellow move ur ass
(30:24 / All) lIlIlIlIlIIlIlI: gg
(30:27 / Allies) Hiyo: ffs
(30:46 / Allies) smileyD_Dsmiley: yellow
(30:47 / Allies) smileyD_Dsmiley: come to me
(30:52 / Allies) smileyD_Dsmiley: if we kill purple we win
(30:56 / Allies) smileyD_Dsmiley: just his buildings
(30:59 / Allies) smileyD_Dsmiley: teal ur dead sorry bud
(31:04 / Allies) Hiyo: 2 heros
(31:22 / All) TossItUp: SAMURO CLAN AINT NOTHING TO FUCK WITH
(31:29 / All) TossItUp: SAMURO CLAN AINT NOTHIN TO FUCK WIT
(31:32 / Allies) Hiyo: spend gold yellow!
(31:39 / Allies) Hiyo: u have 12 g's and 22 food!
(31:42 / Allies) Hiyo: wtf!!
(31:49 / Allies) Hiyo: give to blue!!!
(31:52 / Allies) Hiyo: if u don't fucking use
(31:54 / Allies) Hiyo: dipshit
(31:55 / Allies) smileyD_Dsmiley: i'll take it
(31:57 / Allies) smileyD_Dsmiley: gladly
(32:06 / All) lIlIlIlIlIIlIlI: Red is a total idiot
(32:14 / All) lIlIlIlIlIIlIlI: He has 2k wood fighting a 2v4 and I have needed wood all game
(32:17 / All) lIlIlIlIlIIlIlI: and he has had a surplus all game
(32:23 / All) lIlIlIlIlIIlIlI: yet says not a word, shares no wood at all
(32:26 / Allies) smileyD_Dsmiley: yellow
(32:27 / Allies) smileyD_Dsmiley: come the fuck here
(32:29 / All) lIlIlIlIlIIlIlI: don't think he reads chat or knows english
(32:31 / Allies) smileyD_Dsmiley: we can win
(33:07 / Allies) TossItUp: dont worry boo
(33:08 / Allies) TossItUp: I got dis
(33:14 / Allies) smileyD_Dsmiley: how dumb ar eu
(33:16 / Allies) smileyD_Dsmiley: ffs
(33:37 / Allies) smileyD_Dsmiley: heal me
(33:37 / Allies) smileyD_Dsmiley: teal
(33:39 / Allies) smileyD_Dsmiley: ty
(34:02 / Allies) TossItUp: dont worry bout a thang boo
(34:20 / Allies) smileyD_Dsmiley: ffs
(34:26 / Allies) smileyD_Dsmiley: yellow can u pool me
(34:28 / Allies) smileyD_Dsmiley: i have no gold
(34:41 / Allies) TossItUp: quiet your pretty lil head honey boo
(34:42 / Allies) smileyD_Dsmiley: tele teal
(34:48 / Allies) smileyD_Dsmiley: dude
(34:50 / Allies) smileyD_Dsmiley: OMFG
(34:52 / All) smileyD_Dsmiley: U HAVE 12K GOLD
(34:54 / All) smileyD_Dsmiley: GIVE ME THE FUCK SOME
(35:01 / All) lIlIlIlIlIIlIlI: gg
(35:06 / Allies) Hiyo: FUCKING RETARDED FUCKING BITCH YELLOW!
(35:07 / Allies) smileyD_Dsmiley: YELLWO GIVE ME SOME MONEY
(35:20 / Allies) TossItUp: its all aight my dude
(35:25 / Allies) TossItUp: i got dis
(35:45 / Allies) Hiyo: FUCKING PLAY AS A TEAMATE OR FUCKING GO SOLO ASSHOLE
(35:48 / Allies) smileyD_Dsmiley: dude give me some money
(35:51 / Allies) smileyD_Dsmiley: u cant spend it alla nyway
(36:00 / Allies) smileyD_Dsmiley: makesno sense for u to keep all of it
(36:10 / Allies) TossItUp: hook me up with some lumba boo
(36:20 / Allies) smileyD_Dsmiley: give me gold plz
(36:21 / Allies) TossItUp: thx boo
(36:24 / Allies) smileyD_Dsmiley: gave u 1k lumb
(36:28 / Allies) TossItUp: appreciate it
(36:33 / Allies) smileyD_Dsmiley: give me gold ffs
(36:45 / Allies) TossItUp: dont know how
(36:46 / Allies) Hiyo: FAGGOT FUCK BITCH YELLOW
(36:50 / Allies) smileyD_Dsmiley: click on allies
(36:50 / Allies) smileyD_Dsmiley: f11
(37:18 / Allies) TossItUp: too complicated
(37:26 / Allies) smileyD_Dsmiley: ffs
(37:27 / Allies) Hiyo: PEOPLE LIKE U DESERVE TO DIE IRL
(37:31 / Allies) smileyD_Dsmiley: click on allies
(37:34 / Allies) smileyD_Dsmiley: and give me gold
(37:47 / Allies) smileyD_Dsmiley: wait og inside
(37:49 / Allies) smileyD_Dsmiley: i tele on u
(38:10 / All) TossItUp: AW SHIT
(38:12 / Allies) smileyD_Dsmiley: yellow
(38:13 / All) TossItUp: THERE GOES THE NEIGHBORHOOD
(38:18 / Allies) smileyD_Dsmiley: give me fucking money
(38:21 / All) smileyD_Dsmiley: this dumbass
(38:25 / All) smileyD_Dsmiley: literally has
(38:27 / All) lIlIlIlIlIIlIlI: gg dumbass blue
(38:28 / All) smileyD_Dsmiley: 12k gold
(38:30 / All) lIlIlIlIlIIlIlI: you are the dumbass
(38:33 / All) lIlIlIlIlIIlIlI: noobie dumbass
(38:36 / All) lIlIlIlIlIIlIlI: free ez win dumbass
(38:36 / All) TossItUp: I see how it is den
(38:39 / All) TossItUp: gonna scapegoat me
(38:47 / Allies) smileyD_Dsmiley: yellow
(38:48 / Allies) smileyD_Dsmiley: do something
(38:48 / Allies) smileyD_Dsmiley: ffs
(38:52 / All) TossItUp: you cant put a label on me dawg
(39:04 / All) smileyD_Dsmiley: yellow is literally just standing there
(39:06 / All) smileyD_Dsmiley: not doing anything
(39:09 / All) smileyD_Dsmiley: with 12k gold
(39:13 / All) smileyD_Dsmiley: if he were actually playing u'd be dead
(39:22 / All) lIlIlIlIlIIlIlI: haha if you didn't suck maybe I would be
(39:26 / All) lIlIlIlIlIIlIlI: but I got news buddy
(39:28 / All) lIlIlIlIlIIlIlI: YOU FUCKING SUCK!
(39:36 / All) smileyD_Dsmiley: yep which is why ur totally isolated
(39:38 / All) smileyD_Dsmiley: and have no gold
(39:40 / All) TossItUp: I got dis
(39:46 / All) lIlIlIlIlIIlIlI: I have 3 expos
(39:47 / All) lIlIlIlIlIIlIlI: pal
(39:47 / Allies) smileyD_Dsmiley: yellow just pass me some gold
(39:49 / Allies) smileyD_Dsmiley: for gods sake
(39:51 / Allies) smileyD_Dsmiley: we are going to lose
(39:53 / All) lIlIlIlIlIIlIlI: and several thousand gold
(39:53 / Allies) smileyD_Dsmiley: because of ur stupid shit
(40:00 / All) lIlIlIlIlIIlIlI: I've been towering and expanding all game
(40:15 / All) smileyD_Dsmiley: im getting way too pissed over this
(40:21 / All) lIlIlIlIlIIlIlI: you are trash lol
(40:24 / All) lIlIlIlIlIIlIlI: out, give me my easy win
(41:03 / All) lIlIlIlIlIIlIlI: Bad boy blue
(41:09 / All) smileyD_Dsmiley: well not like there's anything i can do
(41:12 / All) smileyD_Dsmiley: no gold
(41:17 / All) smileyD_Dsmiley: and yellow is dicking around doing shit
(41:17 / All) lIlIlIlIlIIlIlI: yeah so GET THE FUCK OUT
(41:20 / All) lIlIlIlIlIIlIlI: I'll pause so you can leave
(41:22 / All) lIlIlIlIlIIlIlI: lol
(41:25 / All) lIlIlIlIlIIlIlI: press altqq for a shortcut
(41:26 / All) TossItUp: can we take a break
(41:27 / All) TossItUp: truce
(41:28 / All) lIlIlIlIlIIlIlI: in case you didn't know how to leave
(41:31 / All) lIlIlIlIlIIlIlI: sure
(41:32 / All) TossItUp: so we can all smoke some fat ones
(41:33 / All) lIlIlIlIlIIlIlI: how long
(41:36 / All) lIlIlIlIlIIlIlI: I'll go cook up some beans
(41:38 / All) lIlIlIlIlIIlIlI: see ya later blue
(41:40 / All) TossItUp: truce time
(41:43 / All) lIlIlIlIlIIlIlI: let us have a timeout man
(43:24 / All) TossItUp: time to smoke some blunts ya herd
(43:30 / All) TossItUp: u been killin my bois
(43:34 / All) TossItUp: but i aint even mad at cha
(43:42 / All) lIlIlIlIlIIlIlI: yeh same homie
(43:45 / All) lIlIlIlIlIIlIlI: brb
(43:47 / All) TossItUp: teals a down ass bitch but i aint mad at cha
(43:50 / All) lIlIlIlIlIIlIlI: in 30 mins
(68:00 / All) lIlIlIlIlIIlIlI: woot back from smoking some good ganja gg man good bro going on ganja break
(68:06 / All) lIlIlIlIlIIlIlI: 159-153 haha teal thanks man hehe
(69:06 / All) TossItUp: hooking u up wit a win cuz u hooked me up with some dope thx homie
(69:17 / All) lIlIlIlIlIIlIlI: np holmes
(76:30 / Allies) TossItUp: soz homie
(76:36 / Allies) TossItUp: jus business yahmean